 Dungeon Sprint DCSS version 0.21.0-3-g78d12a8 (webtiles) character file.

12644 wojtek the Severer (level 11, -7/113 HPs)
             Began as a Minotaur Berserker on Jan 17, 2018.
             Was an Elder of Trog.
             Mangled by an azure jelly (20 damage)
             ... in the Dungeon (Sprint III: "The Ten Rune Challenge") on Jan 18, 2018.
             The game lasted 00:10:13 (3397 turns).

wojtek the Severer (Minotaur Berserker)             Turns: 3397, Time: 00:10:14

Health: -7/113     AC: 19    Str: 26    XL:     11   Next: 65%
Magic:  10/10      EV: 13    Int:  2    God:    Trog [****..]
Gold:   1833       SH:  0    Dex:  9    Spells: 10/10 levels left

rFire    . . .     SeeInvis .   D - +6 executioner's axe (distort)
rCold    . . .     Gourm    .   (shield currently unavailable)
rNeg     . . .     Faith    .   B - +0 plate armour
rPois    .         Spirit   .   F - +1 hat
rElec    .         Reflect  .   j - +0 cloak
rCorr    .         Harm     .   (no gloves)
MR       .....     Clarity  +   (no boots) Stlth ..........NoTele +
                                (no amulet)
HPRegen  0.28/turn              (no ring)
MPRegen  0.12/turn              (no ring)

@: no status effects
A: retaliatory headbutt, horns 2, talons 1, clarity, dopey 1
a: Berserk, Trog's Hand, Brothers in Arms, Burn Spellbooks, Renounce Religion


You were in the Dungeon.
You worshipped Trog.
Trog was greatly pleased with you.
You were not hungry.

You visited 1 branch You collected 1833 gold pieces.

Inventory:

Hand Weapons
 a - a +0 hand axe
 b - a +2 battleaxe of venom
 x - a +1 battleaxe of draining
 y - a +5 antimagic broad axe
 z - a +8 antimagic executioner's axe
 A - a +7 antimagic battleaxe
 C - a +4 battleaxe of distortion
 D - a +6 executioner's axe of distortion (weapon)
Armour
 j - a +0 cloak (worn)
 v - a +0 scale mail
 w - a +3 troll leather armour {Snorg}
 B - a +0 plate armour (worn)
 F - a +1 hat (worn)
Scrolls
 i - a scroll of blinking
 k - 2 scrolls of amnesia {unknown}
 m - a scroll of holy word {unknown}
 n - 2 scrolls of identify {unknown}
 o - a scroll of remove curse {unknown}
 q - a scroll of immolation {unknown}
 r - a scroll of random uselessness {unknown}
Potions
 d - a potion of curing
 e - 4 potions of heal wounds
 f - 3 potions of haste
 g - 2 potions of magic
 h - a potion of berserk rage
 l - 3 potions of mutation
 p - 2 potions of flight
 s - a potion of ambrosia
 t - 2 potions of might
 H - a potion of cancellation
Miscellaneous
 u - a lightning rod (4/4)
Comestibles
 c - 18 rations


   Skills:
 + Level 15.5 Fighting
 * Level 20.5 Axes
 + Level 15.3 Armour
 + Level 14.2 Dodging


You had 10 spell levels left.
You didn't know any spells.

Dungeon Overview and Level Annotations

Branches:
Dungeon (1/1)

Altars:
Cheibriados
Dithmenos
Elyvilon
Fedhas
Gozag
Hepliaklqana
Kikubaaqudgha
Makhleb
Nemelex Xobeh
Okawaru
Qazlal
Ru
Sif Muna
Trog
Uskayaw
Vehumet
Wu Jian
Xom
Yredelemnul
Zin
The Shining One
Beogh
Jiyva
Lugonu

Shops:
D (


Innate Abilities, Weirdness & Mutations

You reflexively headbutt those who attack you in melee.
You have a pair of horns on your head.
You have sharp toenails.
You possess an exceptional clarity of mind.
You are dopey. (Int -2)


Message History

Your ogre is no longer berserk.
Your ogre hits the azure jelly with a giant spiked club!!
The azure jelly barely misses you. You furiously retaliate!
You headbutt the azure jelly. The azure jelly closely misses you.
The azure jelly hits you. The azure jelly closely misses you.
Unknown command.
Unknown command.
You slice the azure jelly!!
Space bends around the azure jelly.
You claw the azure jelly. Your headbutt misses the azure jelly.
The azure jelly is almost dead.
You slash the plant!
You destroy the plant!
You slash the plant!
Space warps horribly around the plant!
Your ogre barely misses the azure jelly.
The azure jelly hits you! The azure jelly freezes you!!
* * * LOW HITPOINT WARNING * * *
The azure jelly hits you.
* * * LOW HITPOINT WARNING * * *
The azure jelly freezes you!!
You die...

▓...[.#.≈≈≈≈≈≈....#.
▓.....#.≈≈≈≈≈.....#.
▓.....#.≈≈≈.......#)
▓'#####...........#.
▓.................#_
▓▓▓▓▓▓▓▓▓▓▓▓▓▓▓▓▓▓▓▓
▓).÷'≈≈≈≈≈≈≈≈≈♣♣...
▓...#≈≈≈§§≈≈≈≈♣♣.≈≈
▓.@P#≈≈≈§§.≈.≈≈'.).
▓.J.#≈≈≈≈§..≈≈♣♣♣♣♣
▓..O#≈≈≈≈§≈.≈≈♣
▓##'####'#######♣
▓..........)....♣
▓#'#############+
▓...# ▓...+ ▓...#


You could see an azure jelly and a friendly ogre.

Vanquished Creatures
  A dire elephant (D)
  Snorg (D)
  A centaur warrior (D)
  2 unseen horrors (D)
  An orc sorcerer (D)
  A deep elf mage (D)
  A queen bee (D)
  2 blink frogs (D)
  A shadow (D)
  A spatial vortex (D)
  A necrophage (D)
  2 centaurs (D)
  An earth elemental (D)
  A water elemental (D)
  21 killer bees (D)
  2 wandering mushrooms (D)
  Crazy Yiuf (D)
  2 orc priests (D)
  A jelly (D)
  Jessica (D)
  A necromancer (D)
  A wizard (D)
  An orc wizard (D)
  3 humans (D)
  A kobold demonologist (D)
  An ooze (D)
  6 orcs (D)
  3 rats (D)
  A plant (D)
63 creatures vanquished.

Vanquished Creatures (collateral kills)
  Rupert (D)
  Gastronok (D)
  2 azure jellies (D)
  A dire elephant (D)
  2 elephants (D)
  2 spiny frogs (D)
  A rime drake (D)
  A komodo dragon (D)
  3 blink frogs (D)
  3 orc warriors (D)
  A swamp drake (D)
  11 killer bees (D)
  2 orc wizards (D)
  2 orcs (D)
  A plant (D)
34 creatures vanquished.

Vanquished Creatures (others)
  An azure jelly (D)
  2 draconian scorchers (D)
  6 hellions (D)
  2 yaktaurs (D)
  A plant (D)
12 creatures vanquished.

Grand Total: 109 creatures vanquished

Notes
Turn   | Place    | Note
-------+----------+-------------------------------------------
     0 | D        | wojtek the Minotaur Berserker began the quest for the Orb.
     0 | D        | Reached XP level 1. HP: 19/19 MP: 0/0
     3 | D        | Reached skill level 4 in Axes
    34 | D        | Noticed Jessica
    37 | D        | Reached ** piety under Trog
    38 | D        | Killed Jessica
    38 | D        | Reached skill level 5 in Axes
    38 | D        | Reached XP level 2. HP: 21/28 MP: 1/1
    38 | D        | Reached XP level 3. HP: 26/35 MP: 2/2
    68 | D        | Killed a yaktaur
    76 | D        | Killed a hellion
    81 | D        | Killed a hellion
   114 | D        | Killed a hellion
   119 | D        | Killed a hellion
   143 | D        | Reached skill level 5 in Fighting
   143 | D        | Reached skill level 6 in Axes
   152 | D        | Killed a hellion
   155 | D        | Killed a hellion
   185 | D        | Killed a white draconian scorcher
   196 | D        | Killed a white draconian scorcher
   325 | D        | Noticed Crazy Yiuf
   331 | D        | Killed Crazy Yiuf
   331 | D        | Reached *** piety under Trog
   331 | D        | Reached skill level 7 in Axes
   331 | D        | Reached XP level 4. HP: 44/44 MP: 3/3
   372 | D        | Noticed a water elemental
   377 | D        | Killed a water elemental
   377 | D        | Reached skill level 8 in Axes
   377 | D        | Reached skill level 5 in Armour
   377 | D        | Reached skill level 5 in Dodging
   377 | D        | Reached XP level 5. HP: 41/51 MP: 4/4
   464 | D        | Killed a yaktaur
   513 | D        | Found a radiant altar of Vehumet.
   513 | D        | Found a deep blue altar of Sif Muna.
   513 | D        | Found an ancient bone altar of Kikubaaqudgha.
   519 | D        | Reached **** piety under Trog
   519 | D        | Reached skill level 9 in Axes
   565 | D        | Found a glowing silver altar of Zin.
   566 | D        | Found a glowing golden altar of the Shining One.
   566 | D        | Found a white marble altar of Elyvilon.
   566 | D        | Noticed a deep elf mage
   572 | D        | Killed a deep elf mage
   572 | D        | Reached ***** piety under Trog
   572 | D        | Reached skill level 11 in Axes
   572 | D        | Reached XP level 6. HP: 54/63 MP: 5/5
   572 | D        | Reached XP level 7. HP: 60/70 MP: 6/6
   616 | D        | Found a hide-covered altar of Uskayaw.
   616 | D        | Found a roughly hewn altar of Beogh.
   616 | D        | Found an iron altar of Okawaru.
   616 | D        | Found a bloodstained altar of Trog.
   616 | D        | Found an ornate altar of the Wu Jian Council.
   616 | D        | Noticed a human
   616 | D        | Noticed a human
   621 | D        | Killed a human
   621 | D        | Reached skill level 12 in Axes
   626 | D        | Killed a human
   715 | D        | Found a basalt altar of Yredelemnul.
   715 | D        | Found a shadowy altar of Dithmenos.
   715 | D        | Found a sacrificial altar of Ru.
   717 | D        | Received a gift from Trog
   720 | D        | Reached skill level 10 in Fighting
   720 | D        | Reached skill level 13 in Axes
   766 | D        | Noticed a shadow
   771 | D        | Killed a shadow
   771 | D        | Reached XP level 8. HP: 33/79 MP: 7/7
   987 | D        | Found a blossoming altar of Fedhas.
   987 | D        | Found a stormy altar of Qazlal.
   988 | D        | Found a snail-covered altar of Cheibriados.
   988 | D        | Found a burning altar of Makhleb.
   988 | D        | Found a hazy altar of Hepliaklqana.
   988 | D        | Found a shimmering altar of Xom.
   988 | D        | Found an opulent altar of Gozag.
   988 | D        | Found a sparkling altar of Nemelex Xobeh.
   988 | D        | Found a corrupted altar of Lugonu.
   988 | D        | Found a viscous altar of Jiyva.
  1002 | D        | Reached skill level 10 in Armour
  1044 | D        | Noticed Snorg
  1057 | D        | Killed Snorg
  1057 | D        | Reached skill level 15 in Axes
  1057 | D        | Reached skill level 10 in Dodging
  1057 | D        | Reached XP level 9. HP: 89/89 MP: 8/8
  1124 | D        | Found a roughly hewn altar of Beogh.
  1135 | D        | Noticed an orc sorcerer
  1135 | D        | Reached ****** piety under Trog
  1136 | D        | Received a gift from Trog
  1148 | D        | Killed an orc sorcerer
  1157 | D        | Received a gift from Trog
  1160 | D        | Received a gift from Trog
  1182 | D        | Received a gift from Trog
  1212 | D        | Found Xeron's Weapon Shop.
  1275 | D        | Noticed a centaur warrior
  1278 | D        | Reached skill level 16 in Axes
  1279 | D        | Killed a centaur warrior
  1336 | D        | Killed an unseen horror
  1336 | D        | Reached skill level 17 in Axes
  1336 | D        | Reached XP level 10. HP: 86/100 MP: 3/9
  1338 | D        | Killed an unseen horror
  1450 | D        | Received a gift from Trog
  1456 | D        | Received a gift from Trog
  1475 | D        | Received a gift from Trog
  1695 | D        | Received a gift from Trog
  1706 | D        | Reached skill level 18 in Axes
  1723 | D        | Received a gift from Trog
  2062 | D        | Gained mutation: You are dopey. (Int -2) [mutagenic glow]
  2101 | D        | Lost intelligence.
  2101 | D        | Gained mutation: You are very dopey. (Int -4) [mutagenic glow]
  2128 | D        | Gained mutation: Armour fits poorly on your strangely shaped body. [mutagenic glow]
  2149 | D        | Gained mutation: You are clumsy. (Dex -2) [mutagenic glow]
  2958 | D        | Noticed a spiny frog
  2958 | D        | Noticed a spiny frog
  2959 | D        | Killed a spiny frog
  2959 | D        | Killed a spiny frog
  2961 | D        | Received a gift from Trog
  2992 | D        | Received a gift from Trog
  3115 | D        | Noticed Rupert
  3117 | D        | Killed Rupert
  3117 | D        | Reached skill level 19 in Axes
  3117 | D        | Reached XP level 11. HP: 111/111 MP: 10/10
  3134 | D        | Noticed a dire elephant
  3137 | D        | Killed a dire elephant
  3141 | D        | Noticed Gastronok
  3142 | D        | Killed Gastronok
  3142 | D        | Reached skill level 15 in Fighting
  3143 | D        | Noticed a dire elephant
  3152 | D        | Killed a dire elephant
  3152 | D        | Received a gift from Trog
  3152 | D        | Reached skill level 20 in Axes
  3169 | D        | Noticed an azure jelly
  3169 | D        | Noticed an azure jelly
  3169 | D        | Noticed an azure jelly
  3223 | D        | Lost intelligence.
  3373 | D        | Lost mutation: You are very dopey. (Int -4) [potion of mutation]
  3373 | D        | Lost mutation: Armour fits poorly on your strangely shaped body. [potion of mutation]
  3373 | D        | Gained mutation: You have sharp toenails. [potion of mutation]
  3373 | D        | Gained mutation: You possess an exceptional clarity of mind. [potion of mutation]
  3373 | D        | Lost mutation: You are clumsy. (Dex -2) [potion of mutation]
  3374 | D        | Noticed an azure jelly
  3383 | D        | Killed an azure jelly
  3383 | D        | Reached skill level 15 in Armour
  3384 | D        | Killed an azure jelly
  3387 | D        | Banished an azure jelly
  3397 | D        | Mangled by an azure jelly

Skill      XL: |  1  2  3  4  5  6  7  8  9 10 11 |
---------------+----------------------------------+-----
Fighting       | 4 5 6 9 10 11 12 14 15 | 15.5
Axes           | 5 7 8 11 13 15 17 19 20 | 20.5
Armour         | 4 5 8 9 11 12 14 15 | 15.3
Dodging        | 3 4 5 7 9 10 11 13 14 | 14.2

Action                   |  1- 3 |  4- 6 |  7- 9 | 10-12 || total
-------------------------+-------+-------+-------+-------++-------
Melee: Hand axe          |    17 |     7 |     9 |       ||    33
       Headbutt          |     5 |     2 |     7 |    12 ||    26
       Battleaxe         |       |       |    47 |       ||    47
       Executioner's axe |       |       |    10 |    77 ||    87
       Kick              |       |       |       |     1 ||     1
Invok: Berserk           |     1 |     2 |     2 |       ||     5
       Burn Spellbooks   |       |     1 |     1 |       ||     2
       Brothers in Arms  |       |       |     1 |     7 ||     8
  Use: Potion            |       |       |       |     4 ||     4
  Eat: Ration            |       |     1 |       |     3 ||     4
       Chunk             |       |       |     3 |     3 ||     6
Armor: Animal skin       |     2 |       |       |       ||     2
       Scale mail        |       |       |     5 |       ||     5
       Plate armour      |       |       |    22 |    53 ||    75
       Troll leather arm |       |       |     6 |       ||     6
Dodge: Dodged            |     8 |     2 |    31 |    84 ||   125
